 Dungeon Crawl Stone Soup version 0.25.0-7-g216d0a8 (webtiles) character file.

Game seed: 17622026766486515748

6024 CamaradaPosadas the Cleaver (level 11, -11/86 HPs)
             Began as a Formicid Fighter on June 16, 2020.
             Was a Believer of Makhleb.
             Mangled by a two-headed ogre
             ... wielding a +0 giant spiked club
              (12 damage)
             ... on level 11 of the Dungeon.
             The game lasted 00:19:55 (10015 turns).

CamaradaPosadas the Cleaver (Formicid Fighter)     Turns: 10015, Time: 00:19:55

Health: -11/86     AC: 17    Str: 24    XL:     11   Next: 11%
Magic:  15/15      EV:  9    Int:  8    God:    Makhleb [**....]
Gold:   263        SH: 11    Dex: 10    Spells: 10/10 levels left

rFire    + . .     SeeInvis +   I - +0 battleaxe
rCold    . . .     Gourm    .   c - +0 kite shield
rNeg     . . .     Faith    .   g - +4 chain mail {rF+}
rPois    .         Spirit   .   (helmet unavailable)
rElec    .         Reflect  .   B - +0 cloak
rCorr    .         Harm     .   (no gloves)
MR       +....                  o - +0 pair of boots
Stlth    ..........             (no amulet)
HPRegen  0.24/turn              (no ring)
MPRegen  0.14/turn              (no ring)

@: brilliant, lightly drained
A: permanent stasis, dig shafts and tunnels, four strong arms, antennae 3
a: Dig, Shaft Self, Minor Destruction, Renounce Religion


You were on level 11 of the Dungeon.
You worshipped Makhleb.
Makhleb was pleased with you.
You were not hungry.

You visited 1 branch of the dungeon, and saw 13 of its levels.

You collected 435 gold pieces.
You spent 172 gold pieces at shops.

Inventory:

Hand Weapons
 a - a +0 war axe
 u - the +4 glaive "Yvojes" {drain, rC++}
   (You found it on level 11 of the Dungeon)

   A truly terrible weapon, it drains the life of those it strikes.
   It greatly protects you from cold.
 F - a +1 flail of protection
 I - a +0 battleaxe (weapon)
Missiles
 G - 7 boomerangs (quivered)
Armour
 b - a +0 scale mail
 c - a +0 kite shield (worn)
 g - a +4 chain mail of fire resistance (worn)
 j - a +0 chain mail
 o - a +0 pair of boots (worn)
 B - a +0 cloak (worn)
Jewellery
 A - an uncursed ring of fire
Wands
 d - a wand of disintegration (17)
 n - a wand of paralysis (7)
 q - a wand of flame (46)
Scrolls
 e - 3 scrolls of teleportation {unknown}
 i - 2 scrolls of enchant weapon {unknown}
 k - a scroll of enchant armour {unknown}
 l - a scroll of fear {unknown}
 m - 3 scrolls of remove curse
 v - a scroll of immolation {unknown}
 x - a scroll of amnesia {unknown}
 y - a scroll of random uselessness {unknown}
 z - 3 scrolls of identify
 C - 2 scrolls of fog {unknown}
 D - 3 scrolls of noise {unknown}
 H - a scroll of holy word {unknown}
Potions
 h - 3 potions of curing
 p - 2 potions of flight
 s - a potion of resistance
 t - a potion of mutation
 w - 3 potions of lignification
Comestibles
 f - 14 rations


   Skills:
 + Level 8.1(7.7) Fighting
 * Level 9.8(9.4) Axes
 + Level 7.0(6.6) Armour
 - Level 3.0(2.7) Dodging
 + Level 8.9(8.5) Shields
 + Level 6.3(5.9) Invocations


You had 10 spell levels left.
You didn't know any spells.
Your spell library contained the following spells:

 Spells                   Type           Power        Failure   Level  Hunger
 Animate Skeleton         Necr           N/A          96%         1    None
 Apportation              Tloc           #.....       96%         1    None
 Corona                   Hex            #......      96%         1    None
 Magic Dart               Conj           #...         96%         1    None
 Summon Small Mammal      Summ           #...         96%         1    None
 Call Imp                 Summ           #.......     99%         2    None
 Slow                     Hex            #.......     99%         2    None
 Conjure Flame            Conj/Fire      #.......     100%        3    None
 Mephitic Cloud           Conj/Pois/Air  #.......     100%        3    None
 Blink                    Tloc           Unusable     N/A         2    N/A

Dungeon Overview and Level Annotations

Branches:
Dungeon (13/15)            Temple (0/1) D:4            Lair (0/6) D:8
    Orc: D:9-12      Vaults: D:13-14

Altars:
Cheibriados
Gozag
Makhleb
Ru
Trog
Yredelemnul

Shops:
D:4 [%}:%   D:7 [

Annotations:
D:6 3 runed translucent doors, Helmschank's ghost, novice MiFi
D:11 Josephine


Innate Abilities, Weirdness & Mutations

You cannot be hasted, slowed, berserked, paralysed or teleported.
You can dig through walls and to a lower floor.
Your four strong arms can wield two-handed weapons with a shield.
You have a pair of large antennae on your head. (SInv)


Message History

* * * LOW HITPOINT WARNING * * *
The two-headed ogre misses you.
You barely miss the two-headed ogre.
The two-headed ogre is severely wounded.
The two-headed ogre barely misses you. x2
You hit the two-headed ogre.
The two-headed ogre is severely wounded.
You block the two-headed ogre's attack.
The two-headed ogre hits you with a +0 dire flail.
* * * LOW HITPOINT WARNING * * *
You barely miss the two-headed ogre.
The two-headed ogre is severely wounded.
The two-headed ogre hits you with a +0 giant spiked club!!
* * * LOW HITPOINT WARNING * * *
The two-headed ogre closely misses you.
Unknown command.
You barely miss the two-headed ogre.
The two-headed ogre is severely wounded.
The two-headed ogre hits you with a +0 giant spiked club!
You die...

### ##@# ##########
#O## #.........
##{###.........
#########O##.........
..........#....H....=.
#............#.........
#..........###.........
...........# #.........
#..........# #.........


You could see a two-headed ogre.

Vanquished Creatures
  2 trolls
  A hornet (D:12)
  3 hippogriffs
  4 wyverns
  A basilisk (D:8)
  A hungry ghost (D:11)
  2 acid dragons
  2 orc warriors
  A sky beast (D:9)
  2 necrophages
  2 phantoms (D:8)
  A black bear (D:11)
  An ice beast (D:9)
  5 ogres
  A centaur (D:5)
  2 crocodiles
  A big kobold (D:7)
  7 bullfrogs
  4 scorpions
  A howler monkey (D:8)
  8 killer bees
  A crimson imp (D:7)
  2 bullfrog zombies
  7 orc priests
  4 hounds
  2 jellies
  7 orc wizards
  2 bullfrog skeletons
  A gnoll shaman (D:4)
  A centaur skeleton (D:4)
  4 iguanas
  5 worker ants
  A hound zombie (D:6)
  3 gnolls (D:4)
  8 adders
  2 shadow imps
  3 oozes
  An adder zombie (D:3)
  3 worms
  3 dart slugs
  3 leopard geckos
  33 orcs
  6 bats
  3 giant cockroaches
  2 goblins
  A hobgoblin (D:2)
  9 jackals
  4 quokkas
  A ball python (D:2)
  A giant cockroach zombie (D:3)
  A jackal zombie (D:5)
  13 kobolds
  2 leopard gecko skeletons
  A quokka skeleton (D:8)
  8 rats
200 creatures vanquished.

Notes
Turn   | Place    | Note
-------+----------+-------------------------------------------
     0 | D:1      | CamaradaPosadas the Formicid Fighter began the quest for
                  | the Orb.
     0 | D:1      | Reached XP level 1. HP: 18/18 MP: 1/1
    36 | D:1      | Reached XP level 2. HP: 21/24 MP: 2/2
   452 | D:2      | Found a sacrificial altar of Ru.
   456 | D:2      | Reached XP level 3. HP: 29/29 MP: 3/3
   510 | D:2      | Reached skill level 1 in Dodging
  1070 | D:2      | Reached XP level 4. HP: 33/37 MP: 4/4
  1226 | D:3      | Reached skill level 3 in Axes
  1375 | D:3      | Reached XP level 5. HP: 42/42 MP: 5/5
  1494 | D:3      | Found a snail-covered altar of Cheibriados.
  1994 | D:4      | Found Wamanaits's Gadget Emporium.
  1999 | D:4      | Found Cojic's Book Shoppe.
  2026 | D:4      | Reached skill level 4 in Axes
  2026 | D:4      | Reached XP level 6. HP: 42/48 MP: 6/6
  2265 | D:4      | Found Zekkuh's Food Emporium.
  2398 | D:4      | Found Runuohoo's Armour Boutique.
  2406 | D:4      | Reached skill level 5 in Shields
  2421 | D:4      | Reached XP level 7. HP: 47/55 MP: 7/7
  2516 | D:4      | You fall into a shaft and drop 1 floor!
  2516 | D:5      | Entered Level 5 of the Dungeon
  2751 | D:4      | Found Mieqoseb's Food Boutique.
  2980 | D:4      | Reached skill level 5 in Axes
  3139 | D:4      | Found a staircase to the Ecumenical Temple.
  3311 | D:5      | Reached skill level 5 in Fighting
  3417 | D:5      | Reached XP level 8. HP: 25/62 MP: 8/8
  4099 | D:6      | Noticed Helmschank's ghost (novice MiFi)
  4137 | D:6      | Found a runed translucent gate.
  4137 | D:6      | Found a runed translucent gate.
  4137 | D:6      | Found a runed translucent gate.
  4765 | D:6      | Found a basalt altar of Yredelemnul.
  4765 | D:6      | Found a bloodstained altar of Trog.
  4770 | D:6      | Found a sacrificial altar of Ru.
  4772 | D:6      | Found a burning altar of Makhleb.
  4775 | D:6      | Found an opulent altar of Gozag.
  4785 | D:6      | Became a worshipper of Makhleb the Destroyer
  4863 | D:6      | Reached skill level 6 in Axes
  4922 | D:6      | Reached skill level 1 in Invocations
  5039 | D:7      | Found Vemet's Antique Armour Emporium.
  5144 | D:7      | Bought a shiny chain mail for 172 gold pieces
  5602 | D:7      | Reached XP level 9. HP: 63/68 MP: 10/10
  5850 | D:7      | Reached * piety under Makhleb
  5850 | D:7      | Reached skill level 7 in Axes
  6065 | D:8      | Reached skill level 5 in Armour
  6226 | D:8      | Noticed a hippogriff
  6231 | D:8      | Killed a hippogriff
  6422 | D:8      | You fall into a shaft and drop 2 floors!
  6422 | D:10     | Entered Level 10 of the Dungeon
  6430 | D:10     | Noticed a troll
  6442 | D:10     | Killed a troll
  6454 | D:10     | Reached skill level 8 in Axes
  6580 | D:10     | Noticed a gargoyle
  6738 | D:9      | Noticed a hippogriff
  6751 | D:9      | Killed a hippogriff
  6751 | D:9      | Reached XP level 10. HP: 79/79 MP: 13/13
  6813 | D:8      | Reached ** piety under Makhleb
  7261 | D:8      | Reached skill level 5 in Invocations
  7625 | D:8      | You fall into a shaft and drop 1 floor!
  8025 | D:9      | Reached skill level 9 in Axes
  8622 | D:8      | Found a staircase to the Lair.
  9191 | D:9      | You fall into a shaft and drop 2 floors!
  9204 | D:11     | Noticed a gargoyle
  9206 | D:11     | Noticed Josephine
  9220 | D:11     | You fall into a shaft and drop 1 floor!
  9456 | D:12     | Noticed a deep elf mage
  9476 | D:12     | Reached XP level 11. HP: 42/86 MP: 15/15
  9481 | D:12     | Noticed an entropy weaver
  9481 | D:12     | Noticed an entropy weaver
  9489 | D:12     | You fall into a shaft and drop 1 floor!
  9956 | D:11     | Got a transparent glaive
  9957 | D:11     | Identified the +4 glaive "Yvojes" {drain, rC++} (You found
                  | it on level 11 of the Dungeon)
  9993 | D:11     | Noticed a two-headed ogre
  9996 | D:11     | Noticed a manticore
 10014 | D:11     | HP: 1/86 [two-headed ogre/+0 giant spiked club (19)]
 10015 | D:11     | Mangled by a two-headed ogre

Illustrated notes

Levels and vault maps discovered:
D:1:      dpeg_arrival_tiny_a, layout_rooms
D:2:      layout_loops_cross, nicolae_ru_sacrificial_ziggurat
D:3:      layout_basic, lemuel_doored_altar, serial_undead, serial_undead_b,
          serial_undead_c, serial_undead_e, serial_undead_a, kennysheep_donut
D:4:      layout_loops_cross, minmay_temple_entry_fiery, first_ration,
          serial_shops, shop, shop, shop_statue, shop, nicolae_shop_statue_plus
D:5:      layout_loops_cross, serial_bayou_pond_a
D:6:      layout_loops_ring, chequers_temple_overflow_minitemple,
          gammafunk_ghost_icy, kennysheep_generic_room_10
D:7:      layout_gridville, serial_shops, shop
D:8:      layout_basic, erik_lair_dragon, special_room [special_room_orc]
D:9:      layout_basic, okawaru_metal_pillars_1_2, david_nohive_1
D:10:     layout_rooms, serial_shops, nicolae_shop_statue_plus
D:11:     layout_roguey, orc_0_dummy, minmay_misc_feat_columns, uniq_nergalle,
          uniq_josephine
D:12:     layout_basic, serial_shops, nicolae_shop_trees, minmay_another_anthill
D:13:     layout_loops_ring, minivault_8

Skill      XL: |  1  2  3  4  5  6  7  8  9 10 11 |
---------------+----------------------------------+-----
Shields        | 4 5 6 7 8 |  8.9
Dodging        | 1 2 3 |  3.0
Axes           | 3 4 5 6 8 9 |  9.8
Fighting       | 4 5 7 8 |  8.1
Invocations    | 2 4 6 |  6.3
Armour         | 4 5 6 7 |  7.0

Action                   |  1- 3 |  4- 6 |  7- 9 | 10-12 || total
-------------------------+-------+-------+-------+-------++-------
Melee: War axe           |    80 |   151 |   222 |       ||   453
       Battleaxe         |       |       |   102 |   229 ||   331
Invok: Minor Destruction |       |       |       |     2 ||     2
 Abil: Dig               |       |     1 |     1 |     4 ||     6
       Shaft Self        |       |       |     1 |     4 ||     5
Evoke: Wand              |       |       |     4 |       ||     4
  Use: Scroll            |       |       |     6 |     4 ||    10
       Potion            |       |       |     2 |     4 ||     6
  Eat: Chunk             |     1 |     4 |    12 |     5 ||    22
       Ration            |       |       |     1 |     3 ||     4
Armor: Scale mail        |     1 |       |       |       ||     1
       Chain mail        |    38 |    67 |   181 |   127 ||   413
Dodge: Dodged            |    27 |    52 |   119 |   105 ||   303
Block: Kite shield       |    50 |    90 |   199 |   165 ||   504
